 Dungeon Crawl Stone Soup version 0.27-a0-972-gd1521fd518 (webtiles) character file.

Game seed: 5169793531538735283

9 Alarkh the Insei (level 2, 21/21 HPs)
             Began as a Demonspawn Transmuter on Apr 13, 2021.
             Got out of the dungeon alive.
             The game lasted 00:00:25 (651 turns).

Alarkh the Insei (Demonspawn Transmuter)             Turns: 651, Time: 00:00:26

Health: 21/21      AC:  2    Str: 10    XL:     2   Next: 3%
Magic:  5/5        EV: 12    Int: 20    God:
Gold:   6          SH:  0    Dex: 13    Spells: 4/5 levels left

rFire    . . .     SeeInvis .     - Unarmed
rCold    . . .     Faith    .   (no shield)
rNeg     . . .     Spirit   .   a - +0 robe
rPois    .         Reflect  .   (no helmet)
rElec    .         Harm     .   (no cloak)
rCorr    .         Rampage  .   (no gloves)
Will     .....                  (no boots)
Stlth    +.........             (no amulet)
HPRegen  0.07/turn              d - +6 ring of intelligence
MPRegen  0.09/turn              (no ring)

@: no status effects
A: powered by pain 1
a: no special abilities


You escaped.
You visited 1 branch of the dungeon, and saw 1 of its levels.

You collected 6 gold pieces.

Inventory:

Armour
 a - a +0 robe (worn)
Jewellery
 d - a +6 ring of intelligence (left hand)
Scrolls
 e - a scroll of identify {unknown}
Potions
 b - a potion of heal wounds {unknown}
 c - 2 potions of might {unknown}


   Skills:
 + Level 1.2 Fighting
 - Level 1.7 Dodging
 * Level 2.9 Unarmed Combat
 + Level 2.1 Spellcasting
 + Level 1.9 Transmutations


You had 4 spell levels left.
You knew the following spells:

 Your Spells              Type           Power      Damage    Failure   Level
a - Beastly Appendage     Tmut           20%        N/A       7%          1

Your spell library contained the following spells:

 Spells                   Type           Power      Damage    Failure   Level
 Wereblood                Tmut           10%        N/A       11%         2
 Spider Form              Tmut/Pois      3%         N/A       30%         3
 Ice Form                 Ice/Tmut       6%         N/A       71%         4
 Hydra Form               Tmut           5%         N/A       88%         5


Dungeon Overview and Level Annotations

Branches:
Dungeon (1/15)

Altars:


Innate Abilities, Weirdness & Mutations

You sometimes gain a little power by taking damage.


Message History

No target in view!
No target in view!
No target in view!
No target in view!
No target in view!
No target in view!
No target in view!
No target in view!
Things that are here:
a +0 club; a goblin corpse Your transformation is almost over.
Your horns disappear.
Your talons disappear.
A goblin comes into view. It is wielding a +0 dagger.
A goblin is nearby!
A goblin is nearby!
Casting: Beastly Appendage (safe; 7% risk of failure)
Confirm with . or Enter, or press ? or * to list all spells.
You grow a pair of large bovine horns.
Your feet morph into talons.
The goblin shouts!
Unknown command.
You completely miss the goblin. The goblin completely misses you.
You hit the goblin.
You kill the goblin!
You have reached level 2!
Your demonic ancestry asserts itself...
You feel energised by your suffering.
Your transformation is almost over.
Your horns disappear.
Your talons disappear.
There is an open door here.
You open the door.
There is an open door here.
There is an open door here.
There is an open door here.
A bat comes into view.
A bat is nearby!
Unknown command.
There is an open door here.
There is a staircase leading out of the dungeon here.
Are you sure you want to leave the Dungeon?
This will make you lose the game!
You have escaped!

..................#....##........
..................#....##........
................#########........
.......#........## ###....#..
.......#.#######.# ##.#....#..
.......##.### #.# ###.##....##.
.......###..####'####..###....##.
####...# ###..'...'..### #..).###
.......# ####.@.#### #.......
....#### ###..'...'..### #.......
....# ##..####'####..######....
....# #.### #.# ###.## ##....
....# ### #.# ##.# #..... ....#
#.#######.###..... ....#
#................# ....#
#############....# ######


There were no monsters in sight!

Vanquished Creatures
  3 endoplasms (D:1)
  2 goblins (D:1)
  A hobgoblin (D:1)
  A ball python (D:1)
7 creatures vanquished.

Notes
Turn   | Place    | Note
-------+----------+-------------------------------------------
     0 | D:1      | Alarkh the Demonspawn Transmuter began the quest for the
                  | Orb.
     0 | D:1      | Reached XP level 1. HP: 15/15 MP: 3/3
    36 | D:1      | Found a faded altar of an unknown god.
   547 | D:1      | Gained mutation: You sometimes gain a little power by
                  | taking damage. [demonic ancestry]
   547 | D:1      | Reached XP level 2. HP: 21/21 MP: 3/5
   651 | D:$      | Got out of the dungeon alive.

Illustrated notes

Levels and vault maps discovered:
D:1:      dpeg_arrival_radiant, layout_basic, chequers_ecumenical_altar_island

Action                   || total
-------------------------++-------
Melee: Unarmed           ||    18
       Kick              ||     3
       Headbutt          ||     3
 Cast: Beastly Appendage ||     7
Armor: Robe              ||     1
Dodge: Dodged            ||     7

Table legend: (Time is in decaauts)
 A = Elapsed time spent in this place.
 B = Non-inter-level travel time spent in this place.
 C = Inter-level travel time spent in this place.
 D = Time resting spent in this place.
 E = Time spent auto-exploring this place.
 F = Levels seen in this place.
 G = Mean time per level.
                   A        B        C        D        E       F      G
               +--------+--------+--------+--------+--------+-----+--------+
         Total |    650 |    634 |     16 |      0 |    581 |   1 |  650.0 |
       Dungeon |    650 |    634 |     16 |      0 |    581 |   1 |  650.0 |
               +--------+--------+--------+--------+--------+-----+--------+

Top non-repeatable levels by time:
     D:1: 650 daAuts
